[Event "*** SCC Grand Prix: Titled Tuesday Blitz"]
[Site "Chess.com"]
[Date "2020.07.07"]
[Round "9"]
[White "pedromartinez91"]
[Black "anesar92"]
[Result "0-1"]
[WhiteElo "2549"]
[BlackElo "2723"]
[TimeControl "180+1"]
[EndTime "11:47:32 PDT"]
[Termination "anesar92 won on time"]

1. b3 d5 2. Bb2 Bg4 3. Nf3 Nd7 4. g3 e6 5. Bg2 Ngf6 6. O-O Be7 7. d3 O-O 8. Nbd2 a5 9. a4 c6 10. h3 Bh5 11.
Qe1 Bb4 12. Kh2 Re8 13. c3 Bf8 14. e4 Nc5 15. e5 Nfd7 16. Qe3 Bg6 17. Ne1 b5 18. d4 Na6 19. f4 bxa4 20. Rxa4 c5 21. g4 f5 22. c4 Nb6 23. Ra1 Rc8 24.
Rxa5 Nb4 25. Rb5 dxc4 26. dxc5 N6d5 27. Bxd5 Nxd5 28. Qd4 Nc7 29. Ra5 Qxd4 30. Bxd4 Red8 31. Nef3 cxb3 32. Nxb3 Nd5 33. Kg3 fxg4 34. hxg4 h5 35. Ng5 Rb8 36. Nxe6 Rxb3+ 37. Rf3 Rxf3+ 38. Kxf3 hxg4+ 39. Kxg4 Rc8 40. f5 Bf7 41. Nxf8 Kxf8 42. e6 Be8 43. Ra7 Ne7 44. Bxg7+ Kxg7 45. Rxe7+ Kf6 46. Ra7 Rxc5 47. e7 Rc4+ 48. Kf3 Rc8 49. Kf4 Bf7 50. Rd7 Rc4+ 51. Ke3 Be8 52. Ra7 Rc5 53. Ke4 Rxf5 54. Ra6+ Kg5 0-1

[Event "*** SCC Grand Prix: Titled Tuesday Blitz"]
[Site "Chess.com"]
[Date "2020.07.07"]
[Round "9"]
[White "timator"]
[Black "AwareIdea"]
[Result "1/2-1/2"]
[WhiteElo "2619"]
[BlackElo "2481"]
[TimeControl "180+1"]
[EndTime "11:47:32 PDT"]
[Termination "Game drawn - insufficient material"]

1. d4 f5 2. Bg5 g6 3. Nd2 Bg7 4.
Ngf3 Nf6 5. h4 h6 6. Bxf6 Bxf6 7. e4 d6 8. Bd3 e6 9. Qe2 O-O 10. O-O-O Nc6 11. c3 e5 12. dxe5 Nxe5 13. Nxe5 Bxe5 14. h5 g5 15. exf5 Bxf5 16. Ne4 Qe7 17. Kc2 Rae8 18.
Rhf1 Bg7 19. Rde1 d5 20. Ng3 Qc5 21. Qxe8 Bxd3+ 22. Kxd3 Rxe8 23. Rxe8+ Kf7 24. Rfe1 Qb5+ 25. Kc2 Qa4+ 26. Kb1 Qxe8 27. Rxe8 Kxe8 28. Nf5 Kf7 29. Kc2 Bf8 30. Kd3 Kf6 31. g4 Ke5 32. f3 Kf4 33. Ke2 a5 34. Nd4 Ke5 35. a4 c6 36. Nf5 Kf4 37.
Ne3 Bc5 38. Nf5 Bf8 39. b3 Ke5 40. c4 dxc4 41. bxc4 Kf4 42. Nd4 Ke5 43. Kd3 Bc5 44. Nf5 Bf8 45. c5 Kf4 46. Kc4 Kxf3 47. Nd6 b6 48. Nf7 b5+ 49. axb5 cxb5+ 50. Kxb5 Bxc5 51. Nxh6 Bf8 52. Nf7 Kxg4 53. Kxa5 Kxh5 54. Nxg5 1/2-1/2

[Event "*** SCC Grand Prix: Titled Tuesday Blitz"]
[Site "Chess.com"]
[Date "2020.07.07"]
[Round "9"]
[White "VALPARAISO37"]
[Black "Supernotar"]
[Result "0-1"]
[WhiteElo "2315"]
[BlackElo "2777"]
[TimeControl "180+1"]
[EndTime "11:47:32 PDT"]
[Termination "Supernotar won by checkmate"]

1. d4 d5 2. c4 dxc4 3. e3 Nf6 4. Bxc4 e6 5. Nf3 a6 6. a4 c5 7. O-O Nc6 8. Qe2 cxd4 9. Rd1 Be7 10. exd4 O-O 11. Nc3 Nb4 12. Ne5 Bd7 13. Nxd7 Qxd7 14. Bg5 Rad8 15. Rd2 h6 16. Bh4 Nfd5 17. Bg3 Nxc3 18.
bxc3 Nd5 19. Rd3 Rc8 20. Rf3 Bf6 21. h4 Qc6 22. Bxd5 Qxd5 23. Rb1 Rfd8 24. Rxf6 gxf6 25. Qg4+ Kh7 26. a5 Rxc3 27. Qf4 Qxd4 28. Rxb7 Qxf4 29. Bxf4 Kg6 30. Be3 Rd1+ 31. Kh2 Rc6 32. g4 Rd5 33. h5+ Kg7 34. Bb6 f5 35. Kg3 fxg4 36. Kxg4 Rc4+ 37. Kg3 Rxh5 38. Ra7 Rg5+ 39. Kf3 Rf5+ 40. Ke3 h5 41. Rxa6 h4 42. Ra8 h3 43. Rd8 Rc1 44. Bd4+ e5 45.
Bb2 h2 46. Bxc1 h1=Q 47. Bb2 Qf3+ 48. Kd2 Qxf2+ 49. Kc1 Qf1+ 50. Rd1 Qc4+ 51. Kb1 Rf2 52. Rg1+ Kf6 53. Rc1 Qd3+ 54. Ka2 Qb5 55. Rb1 Qa4# 0-1

[Event "*** SCC Grand Prix: Titled Tuesday Blitz"]
[Site "Chess.com"]
[Date "2020.07.07"]
[Round "9"]
[White "karinachess1"]
[Black "Veiso"]
[Result "1-0"]
[WhiteElo "2502"]
[BlackElo "2374"]
[TimeControl "180+1"]
[EndTime "11:47:34 PDT"]
[Termination "karinachess1 won on time"]

1. c4 e6 2. Nc3 d5 3. d4 Be7 4. cxd5 exd5 5. Bf4 c6 6. Qc2 Bd6 7. Bg3 Ne7 8. Nf3 Bf5 9. Qd2 O-O 10. e3 Re8 11.
Be2 h6 12. a3 a5 13. Bxd6 Qxd6 14. O-O Nd7 15. Rac1 Ng6 16. h3 Nf6 17. Bd3 Ne4 18. Qc2 Qf6 19. Nd2 Nh4 20. Ndxe4 Qg6 21. f3 dxe4 22. Nxe4 Bxh3 23. g4 Bxg4 24. fxg4 Qxg4+ 25. Kh2 Nf3+ 26. Rxf3 Qxf3 27. Rg1 Re6 28. Qg2 Qh5+ 29. Qh3 Qxh3+ 30. Kxh3 Rae8 31. Nf2 Rxe3+ 32. Rg3 Rxg3+ 33. Kxg3 Re3+ 34. Kf4 Re7 35. Ne4 Rd7 36. Ke3 b6 37. Nc3 Kf8 38. Be4 c5 39. d5 g6 40. Kd3 f5 41. Bg2 g5 42. Na4 Rd6 43. Kc4 g4 44. Nc3 f4 45. Ne4 Rd7 46. Nf6 1-0

[Event "*** SCC Grand Prix: Titled Tuesday Blitz"]
[Site "Chess.com"]
[Date "2020.07.07"]
[Round "9"]
[White "Godzillator"]
[Black "kidagent"]
[Result "1/2-1/2"]
[WhiteElo "2351"]
[BlackElo "2233"]
[TimeControl "180+1"]
[EndTime "11:47:34 PDT"]
[Termination "Game drawn by repetition"]

1. d4 d5 2. c4 c6 3. cxd5 cxd5 4. Bf4 Nc6 5. e3 Nf6 6. Nc3 a6 7. Bd3 e6 8. Rc1 Bd6 9. Bg3 O-O 10. Nf3 Qe7 11. Bb1 Bd7 12. Bh4 h6 13. a3 g6 14.
O-O Qd8 15. b4 Be7 16. Bg3 Nh5 17. Be5 Nxe5 18. Nxe5 Be8 19. Na4 b6 20. Bd3 a5 21.
Nc6 Bxc6 22. Rxc6 axb4 23. Nxb6 Rxa3 24. Qb1 Ng7 25. Nc8 Rc3 26. Nxe7+ Qxe7 27. Rb6 Rfc8 28. h3 Qc7 29. Rxb4 Rc1 30. Qb3 Rxf1+ 31. Bxf1 Nf5 32.
Rb7 Qc2 33. Qxc2 Rxc2 34. g3 Nd6 35. Rb8+ Kg7 36. Bd3 Rd2 37. Bb1 Rd1+ 38. Kg2 Nc4 39. Ba2 Nd2 40. Rb2 Ne4 41. Bb1 Nc3 42. Ba2 Ra1 43. Bb3 Ra3 44. Bc2 Ra1 45. Bd3 Nd1 46. Rd2 Nc3 47. Rc2 Ne4 48. Bxe4 dxe4 49. g4 Ra5 50. Kg3 f5 51. h4 Kf6 52. Rc8 g5 53.
Rf8+ Kg6 54. hxg5 hxg5 55. Re8 Kf7 56. Rb8 Ra2 57. gxf5 exf5 58. Rb5 Kf6 59. Rc5 Rd2 60. Rc6+ Kf7 61. f3 Rd3 62. Kf2 exf3 63. Kxf3 f4 64. Rc7+ Kf6 65. Rc6+ Kf7 66. Rc7+ Kf6 67. Rc6+ Kf7 1/2-1/2

[Event "*** SCC Grand Prix: Titled Tuesday Blitz"]
[Site "Chess.com"]
[Date "2020.07.07"]
[Round "9"]
[White "Roman_Ovetchkin"]
[Black "Jospem"]
[Result "1-0"]
[WhiteElo "2587"]
[BlackElo "2861"]
[TimeControl "180+1"]
[EndTime "11:47:35 PDT"]
[Termination "Roman_Ovetchkin won by resignation"]

1. d4 Nf6 2. c4 e6 3. Nf3 Bb4+ 4. Bd2 c5 5. Bxb4 cxb4 6. Qd3 O-O 7. e4 d6 8. Nbd2 a5 9. Be2 b6 10. Nf1 Bb7 11. Ng3 Qc7 12. O-O Nbd7 13. Rfe1 Rfe8 14. Bd1 e5 15. Ba4 Bc6 16. Bxc6 Qxc6 17. Rad1 g6 18. b3 Rab8 19. Qd2 b5 20. Rc1 Rbc8 21. d5 Qb6 22. cxb5 Qxb5 23. h3 Rxc1 24. Rxc1 Nc5 25. Rc4 Qb6 26. h4 h5 27. Ne1 Ng4 28. Nc2 Qd8 29. f3 Nf6 30. Ne1 Nfd7 31. Qh6 Qxh4 32. Kf2 Qf4 33. Qxf4 exf4 34. Ne2 g5 35. Nd4 Ne5 36. Rc2 Rc8 37. Ke2 Rd8 38. Nf5 a4 39.
Nxd6 axb3 40. axb3 Nxb3 41. Nf5 g4 42. Rb2 Nc1+ 43. Kd2 Nc4+ 44. Kxc1 Nxb2 45. Kxb2 Kh7 46. Nd3 gxf3 47. gxf3 Rg8 48. Nxf4 Rg2+ 49. Kb3 Rf2 50. Nxh5 Rxf3+ 51. Kxb4 Kg6 52. Nhg3 Kf6 53. Kc5 Ke5 54.
Kc6 Rc3+ 55. Kd7 Ra3 56. d6 f6 57. Ke7 1-0

[Event "*** SCC Grand Prix: Titled Tuesday Blitz"]
[Site "Chess.com"]
[Date "2020.07.07"]
[Round "9"]
[White "zajka-molotok"]
[Black "nocnypako"]
[Result "0-1"]
[WhiteElo "2431"]
[BlackElo "2581"]
[TimeControl "180+1"]
[EndTime "11:47:35 PDT"]
[Termination "nocnypako won on time"]

1. c4 Nf6 2. Nc3 g6 3. e4 d6 4. g3 Bg7 5. Bg2 O-O 6. f4 c5 7. Nf3 Nc6 8. O-O Bg4 9. d3 Qd7 10. Be3 Ne8 11. Qd2 Nc7 12. Nh4 Bh3 13. f5 Bxg2 14.
Kxg2 Ne5 15. Rad1 b5 16. b3 a5 17. Nd5 Nxd5 18. cxd5 a4 19. d4 cxd4 20. Bxd4 axb3 21.
axb3 Ra3 22. Rb1 Rfa8 23. Rb2 Qc7 24. Nf3 Nxf3 25. Rxf3 Bxd4 26. Qxd4 Ra2 27. Rbf2 Rxf2+ 28. Rxf2 Qc1 29. f6 exf6 30. Qxf6 Qc7 31. h4 Re8 32. h5 Qe7 33. Qxe7 Rxe7 34. hxg6 hxg6 35. Kf3 Rc7 36. Kf4 Rc3 37. e5 dxe5+ 38. Kxe5 Rxb3 39.
Rd2 Kf8 40. Kd6 Rxg3 41. Kc7 Rc3+ 42. Kd8 b4 43. d6 b3 44. d7 Rc2 45. Rd3 b2 46. Rb3 g5 47. Rb8 g4 48. Rc8 Rxc8+ 49.
dxc8=Q b1=Q 50. Qxg4 Qb6+ 51. Kd7 Qb7+ 52. Kd6 Qe7+ 53.
Kd5 Qf6 54. Qb4+ Kg7 55. Qg4+ Qg6 0-1

[Event "*** SCC Grand Prix: Titled Tuesday Blitz"]
[Site "Chess.com"]
[Date "2020.07.07"]
[Round "9"]
[White "YPradafah"]
[Black "ValentinDragnev"]
[Result "1-0"]
[WhiteElo "2539"]
[BlackElo "2724"]
[TimeControl "180+1"]
[EndTime "11:47:36 PDT"]
[Termination "YPradafah won on time"]

1. d4 Nf6 2. Nf3 g6 3. Bf4 Bg7 4. e3 d6 5. h3 O-O 6. Nbd2 Nbd7 7. Bh2 Re8 8. Be2 e5 9. O-O b6 10. a4 a5 11. c3 Bb7 12. Nc4 exd4 13. cxd4 Nd5 14.
Nfd2 N7f6 15. Bf3 Qd7 16. Qb3 Rab8 17. Rfc1 Nb4 18. Bxb7 Rxb7 19. Na3 d5 20. Nc2 Bf8 21. Nxb4 Bxb4 22. Qd3 c5 23. Nf3 c4 24. Qc2 Bd6 25. Ne5 Qe6 26. b3 Rc8 27. bxc4 dxc4 28. Qa2 Rbc7 29. Rab1 Bb4 30. Nf3 Rc6 31. Ne5 R6c7 32. Nf3 Rb7 33. Ne5 c3 34. Qxe6 fxe6 35. Nd3 c2 36. Rb2 Rc3 37. Nxb4 axb4 38. Rcxc2 Rxc2 39. Rxc2 Ra7 40. Be5 Nd5 41. Rc8+ Kf7 42. e4 b3 43. Rc1 Rxa4 44. Rb1 Nc3 45. Rxb3 Ne2+ 46. Kh2 Nxd4 47.
Rxb6 h5 48. Rb7+ Ke8 49. Bf6 Nc6 50. Rc7 Rc4 51. e5 Kf8 52. h4 Nxe5 53. Bxe5 Rxh4+ 54. Kg1 Ra4 55. g3 h4 56. Kg2 hxg3 57. Kxg3 Re4 58.
Bd6+ Kg8 59. f4 Rd4 60. Be5 1-0

[Event "*** SCC Grand Prix: Titled Tuesday Blitz"]
[Site "Chess.com"]
[Date "2020.07.07"]
[Round "9"]
[White "Shubinkirill2003"]
[Black "Artur0208"]
[Result "0-1"]
[WhiteElo "2633"]
[BlackElo "2795"]
[TimeControl "180+1"]
[EndTime "11:47:37 PDT"]
[Termination "Artur0208 won on time"]

1. e4 e5 2. Nf3 Nc6 3. Bb5 a6 4.
Ba4 g6 5. c3 b5 6. Bb3 Bg7 7.
d4 exd4 8. cxd4 Nge7 9. O-O d6 10. h3 O-O 11. Nc3 Na5 12. Be3 Bb7 13. Rc1 b4 14. Nd5 Nxb3 15. Qxb3 Nxd5 16. exd5 a5 17. Rfe1 Qd7 18.
Qc4 Rfc8 19. g4 h5 20. Nh2 c6 21. Qe2 c5 22. dxc5 dxc5 23. Rcd1 c4 24. gxh5 Bxd5 25. hxg6 Ra6 26. Qh5 Rxg6+ 27. Ng4 Rd8 28. Bb6 Rxb6 29. Rxd5 Qxd5 30. Re8+ Rxe8 31. Qxd5 c3 32. bxc3 bxc3 33. Qc5 Rg6 34. Kf1 Rge6 35. Ne3 Re5 36. Qc4 Re4 37.
Qc6 R8e6 38. Qc8+ Kh7 39. Qc7 Re7 40. Qc6 R7e6 41. Qc7 Rf6 42. Ke2 Ref4 43. Nd1 Re6+ 44. Ne3 Be5 45. Qc5 Kg6 46. Qc8 Kg7 47. Qc5 Kg6 48.
Qc8 Bd4 49. Qg8+ Bg7 50. Kd3 Rxf2 51. Qc8 Rf3 52. Kc4 Rfxe3 53. Kb3 R3e4 54. Qb7 a4+ 55. Ka3 c2 0-1

[Event "*** SCC Grand Prix: Titled Tuesday Blitz"]
[Site "Chess.com"]
[Date "2020.07.07"]
[Round "9"]
[White "IMRosen"]
[Black "sasko1234"]
[Result "0-1"]
[WhiteElo "2527"]
[BlackElo "2412"]
[TimeControl "180+1"]
[EndTime "11:47:37 PDT"]
[Termination "sasko1234 won on time"]

1. d4 Nf6 2. Bf4 d6 3. Nc3 c6 4. a4 Qa5 5. Nf3 Bg4 6. Rb1 Nbd7 7. b4 Qc7 8. h3 Bh5 9. g4 Bg6 10. Bg2 e5 11. Bg3 Be7 12. O-O O-O 13. Nh4 Rfe8 14. e3 Nf8 15. f4 exf4 16. exf4 h6 17. f5 Bh7 18. Qd2 Qd8 19. Nf3 d5 20. Ne5 N8d7 21. Rfe1 Bf8 22. Bf3 Rc8 23. Kh1 a6 24. Qg2 Nxe5 25.
dxe5 Nd7 26. h4 d4 27. Nd1 Nb6 28. Nf2 Nxa4 29. Ne4 Nc3 30. Nxc3 dxc3 31. Rbd1 Qe7 32. Rd4 Rcd8 33. Rde4 Rd2 34. R1e2 Qd8 35. Bf4 Qxh4+ 36. Qh2 Qxh2+ 37. Kxh2 Rxe2+ 38. Bxe2 h5 39. Kg3 hxg4 40. Kxg4 g6 41. Re3 gxf5+ 42. Kh3 Bxb4 43. Rg3+ Bg6 44. Bd3 Kf8 45. Bg5 Rxe5 46. Bf6 Re6 47. Bd4 Bd6 48. Rf3 c5 49. Be3 f4 50. Bxg6 Rxg6 51. Bf2 Be5 52. Rd3 b6 53. Rd5 f6 54. Rd7 Ke8 55. Ra7 a5 56. Bh4 f5 57. Ra6 f3 58. Ra7 Rh6 0-1

[Event "*** SCC Grand Prix: Titled Tuesday Blitz"]
[Site "Chess.com"]
[Date "2020.07.07"]
[Round "9"]
[White "Andrii_Prydun"]
[Black "Fusikk"]
[Result "0-1"]
[WhiteElo "2396"]
[BlackElo "2546"]
[TimeControl "180+1"]
[EndTime "11:47:38 PDT"]
[Termination "Fusikk won on time"]

1. d4 Nf6 2. Nc3 d5 3. Bf4 e6 4.
Nb5 Na6 5. e3 Bd7 6. Nf3 Bb4+ 7.
c3 Be7 8. a4 O-O 9. Be2 Ne4 10.
O-O c6 11. Na3 Nc7 12. Ne1 c5 13. Nb1 Ne8 14. Nd2 Nxd2 15. Qxd2 Nd6 16. Nd3 c4 17.
Ne5 Be8 18. Bg3 f6 19. Nf3 Ne4 20. Qc1 Nxg3 21. hxg3 Rb8 22. Nd2 f5 23. Qc2 Bd6 24. b3 cxb3 25. Qxb3 Qa5 26. Rfd1 Bc6 27. c4 Rfc8 28. Bf3 Bb4 29. cxd5 Bxd5 30. Bxd5 exd5 31. Nf3 Rc3 32. Qb1 g6 33. Ne5 Bd6 34. Nd3 b6 35. Qa2 Rbc8 36. Rac1 Rxc1 37. Rxc1 Rxc1+ 38. Nxc1 Kf7 39. Nd3 Ke6 40. Qc2 Kd7 41. Qb3 Ke6 42.
Qc2 Kd7 43. Kh2 Qa6 44. Qb3 Qc4 45. Qd1 a6 46. Kg1 b5 47. axb5 axb5 48. g4 b4 49. gxf5 gxf5 50. Nc1 f4 51. exf4 Kc6 52. Nb3 Bxf4 53.
Qf3 Kb5 54. Qxf4 Qxb3 55. Qe5 Qd1+ 56. Kh2 Kc4 57. Qg7 Qxd4 58. Qxh7 Qf4+ 59. Kg1 b3 0-1

[Event "*** SCC Grand Prix: Titled Tuesday Blitz"]
[Site "Chess.com"]
[Date "2020.07.07"]
[Round "9"]
[White "JozefKneht"]
[Black "Gloomy_Wanderer"]
[Result "1-0"]
[WhiteElo "2512"]
[BlackElo "2746"]
[TimeControl "180+1"]
[EndTime "11:47:39 PDT"]
[Termination "JozefKneht won on time"]

1. e4 c5 2. Nf3 a6 3. c4 Nc6 4. d4 cxd4 5. Nxd4 e5 6. Nc2 Bc5 7. Be2 Nf6 8. O-O Nxe4 9. Qd5 Qh4 10. Be3 Bxe3 11. Nxe3 Nf6 12. Qd6 Qd4 13. Qa3 d6 14. Rd1 Qc5 15. b4 Qxb4 16. Rxd6 Qxa3 17. Nxa3 Nd4 18.
Bf1 Ke7 19. Rb6 Rd8 20. Rab1 Ne6 21. Nf5+ Kf8 22. Nd6 Nc5 23. g3 Ke7 24. Nxc8+ Raxc8 25. Bg2 e4 26. Nc2 Rd2 27. Nb4 Rd6 28. Rxd6 Kxd6 29. Rd1+ Ke5 30. h3 a5 31. Nd5 Nd3 32. Ne3 Nd7 33.
f4+ Kd4 34. Nf5+ Kc3 35. Bxe4 N7c5 36. Bf3 Rd8 37. Nxg7 Kxc4 38. Nh5 b5 39. Nf6 b4 40. Nxh7 a4 41. Ng5 b3 42. axb3+ axb3 43. Nxf7 Rd4 44.
Be2 b2 45. Ne5+ Kc3 46. Nxd3 Nxd3 47. Rb1 Nc1 48. Bh5 Kc2 49. Bg6+ Nd3 50. Rxb2+ Kxb2 51. Kg2 Kc3 52. h4 Nc5 53. h5 Rd6 54. Kf3 Kd4 55.
g4 Ne6 56. g5 Nf8 57. Bf5 Kd5 58. g6 Rf6 59. Kg4 Ne6 60. h6 Kd6 61. g7 1-0

[Event "*** SCC Grand Prix: Titled Tuesday Blitz"]
[Site "Chess.com"]
[Date "2020.07.07"]
[Round "9"]
[White "teacher4chess"]
[Black "sm_sharon"]
[Result "0-1"]
[WhiteElo "2005"]
[BlackElo "2174"]
[TimeControl "180+1"]
[EndTime "11:47:40 PDT"]
[Termination "sm_sharon won by checkmate"]

1. d4 g6 2. e4 Bg7 3. c3 d6 4.
Nf3 Nf6 5. e5 dxe5 6. Nxe5 O-O 7. Bd3 Nbd7 8. Nf3 c5 9. O-O b6 10. Be3 cxd4 11. Nxd4 Bb7 12. Nd2 Nc5 13. Bc2 Qd5 14.
N2f3 Rfd8 15. b4 Nce4 16. Bb3 Qh5 17. Qc2 Rac8 18. c4 Ng4 19. h3 Ng3 20. Rfd1 Be4 21. Qc1 Bxf3 22. Nxf3 Ne2+ 23. Kf1 Nxc1 24. Raxc1 Nxe3+ 25. fxe3 Bb2 26. Rxd8+ Rxd8 27. Rb1 Bc3 28. b5 Qf5 29.
Rd1 Rxd1+ 30. Bxd1 Qb1 31. Ke2 Qxa2+ 32. Kd3 Bf6 33. Bc2 Qb2 34. Nd4 h5 35. Bd1 Kg7 36.
Bf3 Qb1+ 37. Ke2 e5 38. Nc6 e4 39. Nxa7 exf3+ 40. Kxf3 Qf5+ 41. Ke2 Qc5 42. Nc6 Qxc4+ 43. Kf3 Qxb5 44. Nd4 Bxd4 45. exd4 Qd3+ 46. Kf2 Qxd4+ 47. Kg3 b5 48. h4 b4 49. Kh2 b3 50. g3 b2 51. Kh3 b1=Q 52. Kg2 Qbb2+ 53. Kh3 Qg4# 0-1

[Event "*** SCC Grand Prix: Titled Tuesday Blitz"]
[Site "Chess.com"]
[Date "2020.07.07"]
[Round "9"]
[White "Brave_spirit12"]
[Black "Kildepiotr"]
[Result "1-0"]
[WhiteElo "2507"]
[BlackElo "2608"]
[TimeControl "180+1"]
[EndTime "11:47:41 PDT"]
[Termination "Brave_spirit12 won by resignation"]

1. e4 g6 2. d4 Bg7 3. Nc3 c6 4. Be3 d5 5. Bd3 dxe4 6. Bxe4 Nf6 7. Bf3 Bf5 8. Nge2 Na6 9. a3 Nc7 10. Ng3 Be6 11. Qd2 Ncd5 12. Bh6 O-O 13. Bxg7 Kxg7 14. h4 h6 15. O-O Qd6 16. h5 g5 17. Nxd5 cxd5 18. Rae1 Bd7 19. Re5 g4 20. Be2 Nh7 21.
Bd3 f6 22. Re2 e5 23. Bf5 Rae8 24. Rfe1 e4 25. c4 Ng5 26. cxd5 Qxd5 27. Bxd7 Qxd7 28.
Nxe4 Nxe4 29. Rxe4 f5 30. Rxe8 Rxe8 31. Rxe8 Qxe8 32.
Qf4 Qxh5 33. Qe5+ Kg6 34. d5 Qg5 35. Qe6+ Qf6 36. Qe8+ Qf7 37. Qd8 Qf6 38. Qg8+ Qg7 39. Qe6+ Kg5 40. d6 Qxb2 41. Qe7+ Qf6 42. Qe3+ f4 43.
Qc5+ Kh4 44. g3+ fxg3 45. fxg3+ Kh3 46. Qd5 Qa1+ 47. Kf2 Qb2+ 48. Ke3 Qc3+ 49. Ke4 Kxg3 50. Qe5+ Qxe5+ 51. Kxe5 Kf2 52. d7 g3 53. d8=Q g2 54. Qf6+ Ke2 55. Qg6 Kf2 56. Qf5+ Ke1 57. Qg4 Kf2 58.
Qf4+ Ke2 59. Qg3 Kf1 60. Qf3+ Kg1 61. Kf4 Kh2 62. Qg3+ Kh1 63. Qh3+ 1-0

[Event "*** SCC Grand Prix: Titled Tuesday Blitz"]
[Site "Chess.com"]
[Date "2020.07.07"]
[Round "9"]
[White "ajian"]
[Black "monalize"]
[Result "0-1"]
[WhiteElo "2400"]
[BlackElo "2276"]
[TimeControl "180+1"]
[EndTime "11:47:41 PDT"]
[Termination "monalize won by checkmate"]

1. d4 Nf6 2. c4 d6 3. Nc3 e5 4.
Nf3 Nbd7 5. e4 g6 6. Be2 Bg7 7. O-O O-O 8. Be3 Ng4 9. Bg5 f6 10. Bh4 h5 11. h3 Nh6 12. dxe5 dxe5 13. b4 Nf7 14. c5 c6 15. Nd2 Qe7 16. Nc4 Rd8 17.
Qb3 Nf8 18. Rfd1 Be6 19. a4 Kh7 20. Qc2 Bh6 21. f3 Bxc4 22. Bxc4 Be3+ 23. Kh1 Bd4 24. Rab1 Ng5 25. Ne2 Nge6 26. Qb3 Kg7 27. Rd3 a5 28. Nxd4 Nxd4 29. Qd1 axb4 30. Rxb4 Nd7 31. Rxb7 Qxc5 32. Be6 Ra7 33. Rxa7 Qxa7 34. Bf2 Nc5 35. Bxd4 exd4 36. Rxd4 Nxe6 37. Rxd8 Nxd8 38. Qxd8 Qxa4 39. Qe7+ Kg8 40. Qxf6 Qd1+ 41. Kh2 Qd7 42. Qxg6+ Kf8 43. Qxh5 Qd6+ 44. e5 Qd5 45. Qf5+ Ke7 46. Qf6+ Ke8 47. e6 Qd6+ 48.
f4 c5 49. Qf7+ Kd8 50. Kg3 c4 51. Qd7+ Qxd7 52. exd7 c3 53. h4 c2 54. h5 c1=Q 55.
Kg4 Qe3 56. g3 Qe2+ 57. Kh4 Kxd7 58. h6 Ke6 59. g4 Qh2+ 60. Kg5 Kf7 61. f5 Qd2+ 62. Kh5 Kf6 63. h7 Qg5# 0-1

[Event "*** SCC Grand Prix: Titled Tuesday Blitz"]
[Site "Chess.com"]
[Date "2020.07.07"]
[Round "9"]
[White "Alexander_Zubov"]
[Black "DeviatkinAndrey"]
[Result "1-0"]
[WhiteElo "2941"]
[BlackElo "2744"]
[TimeControl "180+1"]
[EndTime "11:47:42 PDT"]
[Termination "Alexander_Zubov won on time"]

1. d4 d5 2. Nf3 Nf6 3. c4 c6 4.
Qb3 Qb6 5. Nc3 Be6 6. c5 Qc7 7. Bf4 Qc8 8. h3 g6 9. e3 Bg7 10. Bd3 O-O 11. Qc2 b6 12. b4 a5 13. Na4 Nbd7 14.
Nxb6 Nxb6 15. cxb6 axb4 16. O-O Nd7 17. Rfb1 Nxb6 18. Rxb4 Nc4 19. a4 c5 20. Rbb1 cxd4 21.
exd4 Ra7 22. Rb4 Bf5 23. Bxf5 Qxf5 24. Qxf5 gxf5 25. Bb8 Ra6 26. Rb5 e6 27. a5 Rxa5 28. Rbxa5 Nxa5 29. Bd6 Rd8 30. Bc7 Nb3 31. Ra3 Rc8 32.
Bb6 Nc1 33. Kf1 Bf8 34. Ra7 f6 35. g4 fxg4 36. hxg4 h6 37. Nh4 Nd3 38. Ng6 Rb8 39.
Bc7 Rc8 40. Bg3 Re8 41. Rd7 Nb2 42. Bh4 Bg7 43. Ne7+ Kf8 44. Ng6+ Kg8 45. Ke2 Nc4 46. f4 e5 47. dxe5 fxe5 48. f5 Ra8 49. f6 Ra2+ 50.
Ke1 Ra1+ 51. Kf2 Ra2+ 52. Ke1 Ra1+ 53. Ke2 Ra2+ 54. Kd3 e4+ 55. Kc3 Ra3+ 56. Kb4 Bf8+ 57. Nxf8 Kxf8 58. Rxd5 1-0

[Event "*** SCC Grand Prix: Titled Tuesday Blitz"]
[Site "Chess.com"]
[Date "2020.07.07"]
[Round "9"]
[White "Love_craft"]
[Black "politeplayer"]
[Result "1-0"]
[WhiteElo "2425"]
[BlackElo "2249"]
[TimeControl "180+1"]
[EndTime "11:47:42 PDT"]
[Termination "Love_craft won by resignation"]

1. Nf3 Nf6 2. g3 d5 3. Bg2 c5 4. O-O Nc6 5. d3 Bg4 6. Nbd2 e6 7. h3 Bh5 8. e4 Be7 9. c3 O-O 10.
Qe2 dxe4 11. dxe4 Ne5 12. g4 Nxf3+ 13. Nxf3 Bg6 14. Ne5 Qc7 15. f4 Rad8 16. f5 exf5 17. exf5 Bd6 18. Nc4 Bh2+ 19. Kh1 Rfe8 20. Qf2 Bg3 21. Bf4 Bxf4 22. Qxf4 Qxf4 23. Rxf4 Nd5 24. Bxd5 Rxd5 25. fxg6 hxg6 26. Raf1 b5 27. Na3 Re2 28. R4f2 Re3 29. Kg2 Rdd3 30. Rf3 Re2+ 31. R1f2 Rxf2+ 32. Rxf2 a6 33. Nb1 f6 34. Nd2 Kf7 35. Ne4 c4 36.
Nc5 Rd6 37. Kf3 Rc6 38. Ne4 a5 39. Rd2 b4 40. Rd6 Rc7 41. Ra6 bxc3 42. bxc3 Rd7 43.
Rxa5 Rd3+ 44. Kg2 Re3 45. Nd6+ Ke6 46. Nxc4 Rxc3 47. Nb6 f5 48. gxf5+ gxf5 49. Ra6 Ke5 50. a4 Kf4 51. Ra7 Rc2+ 52. Kf1 Kf3 53. Ke1 f4 54.
Rxg7 Rb2 55. Rb7 Ke3 56. Nc4+ 1-0

[Event "*** SCC Grand Prix: Titled Tuesday Blitz"]
[Site "Chess.com"]
[Date "2020.07.07"]
[Round "9"]
[White "ElviraBerend"]
[Black "Khazieva_Elza"]
[Result "1-0"]
[WhiteElo "2431"]
[BlackElo "2275"]
[TimeControl "180+1"]
[EndTime "11:47:43 PDT"]
[Termination "ElviraBerend won on time"]

1. d4 Nf6 2. c4 d6 3. Nf3 Bf5 4.
Nc3 c6 5. g3 h6 6. Bg2 Nbd7 7.
O-O e5 8. d5 Qc7 9. Nh4 Bh7 10.
e4 Be7 11. Nf5 Bxf5 12. exf5 O-O 13. Be3 Nh7 14. Rc1 Bg5 15. dxc6 bxc6 16. Bxg5 Nxg5 17.
h4 Nh7 18. Ne4 Rab8 19. b3 Nhf6 20. Nxd6 Nc5 21. Re1 Rfd8 22. Rxe5 Rxd6 23. Qe2 Nd3 24. Rf1 Nxe5 25. Qxe5 Re8 26. Qc5 Ne4 27. Qe3 Nf6 28. Qc3 Qd7 29. Qf3 c5 30. Qc3 Rd4 31. Qa5 Qxf5 32.
Qxa7 Rd2 33. Qa4 Ree2 34. Qa8+ Kh7 35. Bf3 Re8 36. Qb7 Rd7 37. Qc6 Re6 38. Qa8 Rde7 39.
Kg2 g6 40. Qf8 Nd7 41. Qc8 Kg7 42. Rd1 Ne5 43. Bd5 Ng4 44. Bf3 Rf6 45. Qxf5 Rxf5 46. Bxg4 Rfe5 47. a4 Ra7 48. Ra1 Rb7 49. a5 Rxb3 50. a6 Re8 51. a7 Ra8 52. Bf3 Rxf3 53. Kxf3 Kf6 54. Ke4 Ke6 55. Ra6+ Kd7 56. Kd5 Kc7 57.
Kxc5 Kb7 58. Kb5 Rxa7 59. Rxa7+ Kxa7 60. Kc6 Kb8 61. Kd7 1-0

[Event "*** SCC Grand Prix: Titled Tuesday Blitz"]
[Site "Chess.com"]
[Date "2020.07.07"]
[Round "9"]
[White "Chessmasterzt"]
[Black "chenxiaoyuer"]
[Result "1/2-1/2"]
[WhiteElo "2599"]
[BlackElo "2440"]
[TimeControl "180+1"]
[EndTime "11:47:44 PDT"]
[Termination "Game drawn - insufficient material"]

1. d4 Nf6 2. Nf3 g6 3. c4 Bg7 4.
Nc3 O-O 5. e4 d6 6. Be2 e5 7.
O-O Nc6 8. d5 Ne7 9. b4 a5 10.
Ba3 Nh5 11. c5 Nf4 12. bxa5 Nxe2+ 13. Qxe2 Rxa5 14. Bb4 Ra6 15. a4 f5 16. Ng5 fxe4 17. Ngxe4 Bf5 18. c6 Ra7 19. Nb5 Ra6 20. cxb7 Nxd5 21.
Nbxd6 Nxb4 22. Qc4+ Kh8 23. Nxf5 gxf5 24. Qxb4 fxe4 25.
a5 Rg6 26. Rab1 Qb8 27. Qxe4 Qa7 28. Qd5 Rb8 29. Rb2 Rd6 30. Qe4 Qxa5 31. Rfb1 Rb6 32. Rxb6 cxb6 33. Qc6 Qc5 34. Qd7 h6 35. h4 Kh7 36.
Rd1 Kh8 37. Qf5 Qc7 38. Rd7 Qc6 39. Qf7 Qf6 40. Rc7 Qxf7 41. Rxf7 b5 42. Rc7 Kh7 43. Rc8 Rxb7 44. Rc3 b4 45. Rb3 e4 46. Kf1 Bc3 47.
Ke2 Rc7 48. Ke3 Rd7 49. Kxe4 Rd2 50. Ke3 Rb2 51. Rxb2 Bxb2 52. g4 Bc3 53. Kd3 Kg6 54.
f3 Be5 55. Kc4 Bc3 56. f4 Kf6 57. h5 Ke6 58. Kd3 Kd5 59. g5 Bg7 60. Kc2 Ke4 61.
Kb3 Kxf4 62. gxh6 Bxh6 63. Kxb4 Kg4 64. Kc4 Kxh5 1/2-1/2

[Event "*** SCC Grand Prix: Titled Tuesday Blitz"]
[Site "Chess.com"]
[Date "2020.07.07"]
[Round "9"]
[White "Juanovic"]
[Black "chalowey97"]
[Result "1-0"]
[WhiteElo "2082"]
[BlackElo "2118"]
[TimeControl "180+1"]
[EndTime "11:47:44 PDT"]
[Termination "Juanovic won by checkmate"]

1. e4 e6 2. d4 d5 3. Nc3 Bb4 4. e5 c5 5. a3 Bxc3+ 6. bxc3 Ne7 7. a4 Qa5 8. Bd2 Qc7 9. Bb5+ Bd7 10. Bd3 c4 11. Be2 O-O 12. Nh3 f6 13. f4 fxe5 14. fxe5 Nbc6 15. Rf1 Nxe5 16. dxe5 Qxe5 17. Nf4 g5 18. Nh5 Qxh2 19. Nf6+ Kh8 20. Rf3 Qxg2 21. Nxd7 Qg1+ 22. Bf1 Rfd8 23. Ne5 g4 24. Rf7 Qg3+ 25.
Rf2 Qxe5+ 26. Qe2 Qxe2+ 27. Bxe2 Ng6 28. O-O-O e5 29. Rh1 Rf8 30. Rxf8+ Rxf8 31. Bxg4 Kg7 32. Be6 Rd8 33. Bg5 Rd6 34. Bc8 b6 35. Bf5 d4 36.
cxd4 exd4 37. Kb2 Rd5 38. Bh6+ Kf6 39. Be4 Re5 40. Bb7 Ke6 41. Bc8+ Ke7 42. Bg7 Rd5 43. Rxh7 Kd8 44. Be6 Nf4 45. Bf6+ Ke8 46. Bxd5 Nxd5 47.
Bxd4 b5 48. axb5 c3+ 49. Bxc3 Nxc3 50. Kxc3 Kd8 51. Rxa7 Kc8 52. b6 Kb8 53. Kb4 Kc8 54.
c4 Kb8 55. c5 Kc8 56. c6 Kd8 57. Ra8+ Ke7 58. c7 Kd6 59. c8=Q Ke7 60. Qc6 Kf7 61. Ra7+ Kf8 62. Qc8# 1-0